 Dungeon Crawl Stone Soup version 0.30-a0-422-g946f4849ff (webtiles) character file.

Game seed: 17420984783467702568

501 Turgor the Conjurer (level 6, -1/47 HPs)
             Began as a Demonspawn Reaver on Dec 8, 2022.
             Was a High Priest of Ignis.
             Slain by Prince Ribbit (6 damage)
             ... on level 5 of the Dungeon.
             The game lasted 00:15:49 (3733 turns).

Turgor the Conjurer (Demonspawn Reaver)             Turns: 3733, Time: 00:15:49

Health: -1/47      AC:  4    Str: 14    XL:     6   Next: 95%
Magic:  2/10       EV: 13    Int: 14    God:    Ignis [*****.]
Gold:   249        SH:  0    Dex: 12    Spells: 8/11 levels left

rFire   + . .      SeeInvis .    s - +2 war axe (vorpal)
rCold   . . .      Faith    .    (no shield)
rNeg    + . .      Spirit   .    b - +0 leather armour
rPois   .          Reflect  .    (no helmet)
rElec   .          Harm     .    (no cloak)
rCorr   .          Rampage  .    c - +0 pair of gloves
Will    .....                    (no boots)
Stlth   +.........               (no amulet)
HPRegen 0.27/turn                j - ring of positive energy
MPRegen 0.12/turn                (no ring)

@: hasted, very quick
A: claws 1, repulsion field 1
a: Renounce Religion, Fiery Armour, Foxfire Swarm, Rising Flame


You were on level 5 of the Dungeon.
You worshipped Ignis.
Ignis was extremely pleased with you.
You visited 1 branch of the dungeon, and saw 5 of its levels.

You collected 249 gold pieces.

Inventory:

Hand Weapons
 n - the +7 sling of Untruth {flame, MP+9 Int+4}
   (You took it off a hobgoblin on level 2 of the Dungeon)

   Any ammunition fired from it burns those it strikes, dealing additional fire
   damage.
   Int:       It affects your intelligence (+4).
   MP:        It affects your magic capacity (+9).
 p - a +0 whip of venom
 s - a +2 vorpal war axe (weapon)
 y - a +0 broad axe
Missiles
 a - 2 throwing nets
 q - 5 boomerangs
 x - 3 poisoned darts
Armour
 b - a +0 leather armour (worn)
 c - a +0 pair of gloves (worn)
Magical Staves
 r - a staff of poison
Jewellery
 j - a ring of positive energy (left hand)
Wands
 o - a wand of flame (21)
Scrolls
 g - 3 scrolls of teleportation {unknown}
 i - 4 scrolls of identify
 l - a scroll of enchant armour {unknown}
 m - a scroll of immolation {unknown}
 v - 4 scrolls of fear {unknown}
 z - a scroll of poison {unknown}
 A - a scroll of magic mapping {unknown}
 C - a scroll of amnesia {unknown}
Potions
 d - a potion of haste
 e - a potion of lignification {unknown}
 f - a potion of invisibility {unknown}
 h - 3 potions of curing
 k - 2 potions of heal wounds {unknown}
 t - a potion of flight {unknown}
 u - 2 potions of brilliance {unknown}
 w - a potion of cancellation {unknown}
 B - a potion of degeneration {unknown}


   Skills:
 + Level 3.2 Fighting
 + Level 4.0 Axes
 + Level 1.7 Ranged Weapons
 - Level 2.0 Dodging
 + Level 3.2 Spellcasting
 + Level 4.1 Conjurations
 + Level 2.8 Necromancy
 + Level 1.5 Translocations


You had 8 spell levels left.
You knew the following spells:

 Your Spells              Type           Power      Damage    Failure   Level
a - Kiss of Death         Conj/Necr      44%        2d8       6%          1
b - Momentum Strike       Conj/Tloc      20%        3d8       13%         2

Your spell library contained the following spells:

 Spells                   Type           Power      Damage    Failure   Level
 Freeze                   Ice            8%         1d3       26%         1
 Hailstorm                Conj/Ice       7%         3d4       34%         3
 Frozen Ramparts          Ice            4%         1d1       63%         3


Dungeon Overview and Level Annotations

Branches:
Dungeon (5/15)             Temple (0/1) D:4

Altars:
Wu Jian
Ignis

Annotations:
D:4 1 transporter, Notanamesir's ghost, novice DsGl
D:5 Prince Ribbit


Innate Abilities, Weirdness & Mutations

You have sharp fingernails.
You are surrounded by a mild repulsion field. (EV +2)


Message History

Aim: Prince Ribbit (moderately wounded, 45% to hit)
You shoot a sling bullet. The sling bullet misses Prince Ribbit.
Fire: n) +7 sling of Untruth {flame, MP+9 Int+4}
Press: ? - help, Q - select action, (/) - cycle Shift-Dir - straight line, f/p - Prince Ribbit
Aim: Prince Ribbit (translocational energy, moderately wounded, 45% to hit)
You shoot a sling bullet.
The sling bullet barely misses Prince Ribbit.
Fire: n) +7 sling of Untruth {flame, MP+9 Int+4}
Press: ? - help, Q - select action, (/) - cycle Shift-Dir - straight line, f/p - Prince Ribbit
Aim: Prince Ribbit (moderately wounded, 45% to hit)
You shoot a sling bullet. The sling bullet hits Prince Ribbit.
The sling bullet burns Prince Ribbit.
Prince Ribbit is moderately wounded.
Prince Ribbit barely misses you.
You feel your magic capacity decrease.
The +7 sling of Untruth {flame, MP+9 Int+4} stops flaming.
s - a +2 vorpal war axe (weapon)
You miss Prince Ribbit.
Prince Ribbit is moderately wounded.
Prince Ribbit blinks!
Aiming: Throw Flame
Press: ? - help, Shift-Dir - straight line, f/p - Prince Ribbit
Aim: Prince Ribbit (moderately wounded, 45% to hit)
The puff of flame hits Prince Ribbit.
Prince Ribbit is heavily wounded.
Prince Ribbit blinks!
Aiming: Throw Flame
Press: ? - help, Shift-Dir - straight line, f/p - Prince Ribbit
Aim: Prince Ribbit (heavily wounded, 45% to hit)
The puff of flame hits Prince Ribbit.
Prince Ribbit is severely wounded.
You miss Prince Ribbit.
Prince Ribbit is severely wounded.
Prince Ribbit misses you.
You closely miss Prince Ribbit.
Prince Ribbit is severely wounded.
Prince Ribbit hits you!
* * * LOW HITPOINT WARNING * * *
Prince Ribbit hits you.
You die...

################
#.......@F......
#.############## #.#......#
##### #.#.####.# #...#
#.#.# #.# #...#
..#####.#.####.####...##
......................>####
..#####.#.####+#..........#
#.#.# ...........##.#


You could see Prince Ribbit.

Vanquished Creatures
  Grinder (D:5)
  A black bear (D:4)
  2 orc priests (D:5)
  An orc wizard (D:5)
  5 adders
  A worm (D:2)
  5 dart slugs
  17 orcs
  6 endoplasms
  2 giant cockroaches
  8 goblins
  9 hobgoblins
  12 jackals
  2 quokkas
  9 ball pythons
  2 bats
  4 frilled lizards
  3 kobolds
  6 rats
96 creatures vanquished.

Notes
Turn   | Place    | Note
-------+----------+-------------------------------------------
     0 | D:1      | Turgor the Demonspawn Reaver began the quest for the Orb.
     0 | D:1      | Reached XP level 1. HP: 16/16 MP: 3/3
   178 | D:1      | Gained mutation: You have sharp fingernails. [demonic
                  | ancestry]
   178 | D:1      | Reached XP level 2. HP: 16/22 MP: 5/5
   440 | D:1      | Found a faded altar of an unknown god.
   448 | D:1      | Prayed at the altar of an unknown god.
   448 | D:1      | Became a worshipper of Ignis, the Dying Flame
   754 | D:1      | Reached XP level 3. HP: 15/25 MP: 6/6
  1150 | D:2      | Reached skill level 1 in Necromancy
  1425 | D:2      | Reached XP level 4. HP: 28/31 MP: 7/7
  1622 | D:2      | Identified the +7 sling of Untruth {flame, MP+9 Int+4}
  2110 | D:2      | Learned a level 2 spell: Momentum Strike
  2567 | D:3      | Found an ornate altar of the Wu Jian Council.
  2890 | D:4      | Found a staircase to the Ecumenical Temple.
  2926 | D:4      | Reached XP level 5. HP: 39/39 MP: 8/8
  2957 | D:4      | Noticed Notanamesir's ghost (novice DsGl)
  2958 | D:4      | Noticed an ogre
  2959 | D:4      | Found a transporter.
  2959 | D:4      | Noticed an ogre
  2963 | D:4      | Noticed an ogre
  2998 | D:4      | Noticed a black bear
  3004 | D:4      | Killed a black bear
  3305 | D:5      | Entered Level 5 of the Dungeon
  3354 | D:5      | Reached skill level 1 in Ranged Weapons
  3354 | D:5      | Reached skill level 1 in Translocations
  3356 | D:5      | Gained mutation: You are surrounded by a mild repulsion
                  | field. (EV +2) [demonic ancestry]
  3356 | D:5      | Reached XP level 6. HP: 35/46 MP: 1/10
  3599 | D:5      | Noticed Grinder
  3612 | D:5      | Paralysed by Grinder for 2 turns
  3614 | D:5      | Killed Grinder
  3703 | D:5      | Noticed Prince Ribbit
  3733 | D:5      | Slain by Prince Ribbit

Illustrated notes

Levels and vault maps discovered:
D:1:      minmay_arrival_glassed_features, layout_loops_ring,
          chequers_ecumenical_altar_simple
D:2:      layout_basic
D:3:      layout_basic, pdpol_wu_jian_five_deadly_venoms
D:4:      layout_basic, mainiacjoe_overflow_chevrons,
          minmay_temple_entry_poolview, gammafunk_ghost_smash
D:5:      layout_basic, zin_academy, chequers_serial_rivers_large_b,
          grunt_ministairs_1, uniq_prince_ribbit1, uniq_grinder

Skill      XL: |  1  2  3  4  5  6 |
---------------+-------------------+-----
Dodging        | 2 |  2.0
Axes           | 3 4 |  4.0
Necromancy     | 1 2 |  2.8
Ranged Weapons | 1 |  1.7
Translocations | 1 |  1.5
Fighting       | 3 |  3.2
Spellcasting   | 3 |  3.2
Conjurations   | 4 |  4.1

Action                   |  1- 3 |  4- 6 || total
-------------------------+-------+-------++-------
Melee: Hand axe          |   151 |    19 ||   170
       Punch             |     1 |       ||     1
       War axe           |       |    35 ||    35
       Broad axe         |       |     2 ||     2
 Fire: Sling             |       |    98 ||    98
 Cast: Kiss of Death     |     2 |       ||     2
       Momentum Strike   |       |     1 ||     1
Evoke: Wand              |       |     2 ||     2
  Use: Potion            |       |     2 ||     2
       Scroll            |       |     1 ||     1
 Stab: Sleeping          |     1 |       ||     1
Armor: Leather armour    |    53 |    18 ||    71
Dodge: Dodged            |    93 |    52 ||   145

Table legend: (Time is in decaauts)
 A = Elapsed time spent in this place.
 B = Non-inter-level travel time spent in this place.
 C = Inter-level travel time spent in this place.
 D = Time resting spent in this place.
 E = Time spent auto-exploring this place.
 F = Levels seen in this place.
 G = Mean time per level.
                   A        B        C        D        E       F      G
               +--------+--------+--------+--------+--------+-----+--------+
         Total |   3798 |   3696 |    102 |    157 |   2826 |   5 |  759.6 |
       Dungeon |   3798 |   3696 |    102 |    157 |   2826 |   5 |  759.6 |
               +--------+--------+--------+--------+--------+-----+--------+

Top non-repeatable levels by time:
     D:2: 1154 daAuts
     D:1: 1000 daAuts
     D:3: 744 daAuts
     D:4: 507 daAuts
     D:5: 390 daAuts
